 Dungeon Crawl Stone Soup version 0.28-a0-537-g3bccd9ccbf (webtiles) character file.

Game seed: 7548614943618907621

118 robertstho the Magician (level 5, -23/38 HPs)
             Began as a Djinni Fire Elementalist on Sept 27, 2021.
             Annihilated by a large abomination (28 damage)
             ... on level 1 of the Abyss.
             The game lasted 00:07:01 (5445 turns).

robertstho the Magician (Djinni Fire Elementalist)  Turns: 5445, Time: 00:07:01

Health: -23/38     AC:  4    Str:  7    XL:     5   Next: 23%
Gold:   96         EV: 13    Int: 18    God:
                   SH:  0    Dex: 19

rFire   + + .      SeeInvis .   d - +0 short sword
rCold   x . .      Faith    .   (no shield)
rNeg    . . .      Spirit   .   a - +0 robe
rPois   ∞          Reflect  .   (no helmet)
rElec   .          Harm     .   (no cloak)
rCorr   .          Rampage  .   j - +1 pair of gloves
Will    .....                   (boots unavailable)
Stlth   ++........              (no amulet)
HPRegen 0.12/turn               b - +6 ring of dexterity
MPRegen 0.00/turn               (no ring)

@: flying
A: sickness immunity, fire resistance 2, cold vulnerability 1, float, innate
caster, hp casting, extra vitality 1
a: no special abilities


You were on level 1 of the Abyss.
You visited 1 branch of the dungeon, and saw 3 of its levels.
You visited the Abyss 1 time.

You collected 96 gold pieces.

Inventory:

Hand Weapons
 d - a +0 short sword (weapon)
Armour
 a - a +0 robe (worn)
 j - a +1 pair of gloves (worn)
Jewellery
 b - a +6 ring of dexterity (left hand)
Scrolls
 h - a scroll of identify
 i - a scroll of blinking
Potions
 e - 3 potions of haste
 f - a potion of resistance
 g - a potion of might


   Skills:
 * Level 2.2 Fighting
 + Level 2.5 Dodging
 + Level 1.7 Stealth
 * Level 3.6 Spellcasting


You couldn't memorise any spells.
You knew the following spells:

 Your Spells              Type           Power      Damage    Failure   Level
a - Foxfire               Conj/Fire      64%        2x1d7     3%          1
b - Scorch                Fire           32%        2d7       5%          2
c - Conjure Flame         Conj/Fire      16%        6-21      11%         3
d - Inner Flame           Hex/Fire       16%        N/A       11%         3
e - Flame Wave            Conj/Fire      16%        3d5       34%         4
f - Beastly Appendage     Tmut           32%        N/A       3%          1
g - Searing Ray           Conj           32%        2d5       5%          2
Your spell library was empty.

Dungeon Overview and Level Annotations

Branches:
Dungeon (3/15)

Altars:
Qazlal

Annotations:
D:3 2 transporters, Crazy Yiuf; heikuro's ghost, amateur MiFi


Innate Abilities, Weirdness & Mutations

You are immune to sickness and miasma.
You are immune to poison.
Your flesh is very heat resistant. (rF++)
You are vulnerable to cold. (rC-)
You float through the air rather than walking.
You learn spells naturally, not from books.
Your magical power is your life essence.
You have superior vitality. (+4 HP)


Message History

Flames lash Crazy Yiuf but do no damage.
Crazy Yiuf says, "Orb!"
Crazy Yiuf barely misses you.
Casting: Scorch (safe; 5% risk of failure)
Confirm with . or Enter, or press ? or * to list all spells.
Flames lash Crazy Yiuf.
Crazy Yiuf is moderately wounded.
Crazy Yiuf's fire resistance burns away.
Crazy Yiuf closely misses you.
Casting: Scorch (safe; 5% risk of failure)
Confirm with . or Enter, or press ? or * to list all spells.
Flames lash Crazy Yiuf.
Crazy Yiuf is burned terribly!
Crazy Yiuf is heavily wounded.
Crazy Yiuf screams, "Lay sow hog!"
Crazy Yiuf hits you with a +3 quarterstaff of chaos.
* * * LOW HITPOINT WARNING * * *
You are cast into the Abyss!
This branch contains the abyssal rune of Zot.
You start resting.
Your magical contamination has completely faded away.
You start resting.
You feel a little less agile now.
You start resting.
A phantasmal warrior comes into view.
There is an open translucent door here.
You reach down and close the door.
You start resting.
HP restored.
Okay, then.
Drop what? 10/52 slots (_ for help) (? for menu, Esc to quit)
You drop an amulet of faith.
Okay, then.
You see here an amulet of faith.
The large abomination hits you!!
Ouch! That really hurt!
* * * LOW HITPOINT WARNING * * *
The large abomination closely misses you.
The large abomination hits you!!
Ouch! That really hurt!
You die...

####
♣@.###
♣#X♣.#
###..#
♣♣#..
### X+.
#
♣..♣#..
##.# ♣


You could see a large abomination.

Vanquished Creatures
  An orc wizard (D:3)
  3 adders
  3 worms (D:3)
  2 dart slugs
  3 orcs (D:3)
  4 bats
  2 endoplasms (D:2)
  3 giant cockroaches (D:1)
  4 goblins
  6 hobgoblins
  3 quokkas
  5 ball pythons
  5 frilled lizards
  4 kobolds
  4 rats
52 creatures vanquished.

Vanquished Creatures (others)
  100 foxfires
100 creatures vanquished.

Grand Total: 152 creatures vanquished

Notes
Turn   | Place    | Note
-------+----------+-------------------------------------------
     0 | D:1      | robertstho the Djinni Fire Elementalist began the quest for
                  | the Orb.
     0 | D:1      | Reached XP level 1. HP: 15/15 MP: 0/0
   500 | D:1      | Found a faded altar of an unknown god.
   508 | D:1      | Reached XP level 2. HP: 15/22 MP: 0/0
  1575 | D:1      | Reached XP level 3. HP: 23/26 MP: 0/0
  1575 | D:1      | Learned a level 1 spell: Beastly Appendage
  1979 | D:2      | Reached skill level 3 in Spellcasting
  2655 | D:2      | Reached skill level 1 in Fighting
  2847 | D:2      | Reached XP level 4. HP: 16/32 MP: 0/0
  4045 | D:3      | Found a transporter.
  4045 | D:3      | Found a transporter.
  4045 | D:3      | Noticed heikuro's ghost (amateur MiFi)
  4167 | D:3      | Reached XP level 5. HP: 29/38 MP: 0/0
  4167 | D:3      | Learned a level 2 spell: Searing Ray
  4382 | D:3      | Found a stormy altar of Qazlal.
  4422 | D:3      | Noticed a phantom
  4499 | D:3      | Found a runed translucent door.
  4500 | D:3      | Noticed Crazy Yiuf
  4871 | D:3      | Cast into level 1 of the Abyss (Crazy Yiuf)
  4921 | Abyss:1  | Noticed a phantasmal warrior
  5069 | Abyss:1  | Noticed a large abomination
  5441 | Abyss:1  | Noticed a large abomination
  5445 | Abyss:1  | Annihilated by a large abomination

Illustrated notes

Levels and vault maps discovered:
D:1:      dpeg_arrival_lava_temple_mockup, layout_rooms,
          shapermc_ecumenical_altar_starsandcircs, feat_on_display
D:2:      layout_basic
D:3:      layout_loops_ring, nicolae_qazlal_scattered_showers,
          gammafunk_ghost_mausoleum, item_on_display_a, uniq_crazy_yiuf_cottage
Abyss:1:  base:
Temple

Skill      XL: |  1  2  3  4 |
---------------+-------------+-----
Spellcasting   | 3 |  3.6
Fighting       | 1 2 |  2.2
Dodging        | |  2.5
Stealth        | |  1.7

Action                   |  1- 3 |  4- 6 || total
-------------------------+-------+-------++-------
Melee: Short sword       |     9 |     6 ||    15
       Unarmed           |     3 |       ||     3
 Cast: Foxfire           |    65 |     3 ||    68
       Scorch            |    15 |    42 ||    57
  Use: Scroll            |     2 |     3 ||     5
Armor: Robe              |     6 |     3 ||     9
Dodge: Dodged            |    28 |    20 ||    48

Table legend: (Time is in decaauts)
 A = Elapsed time spent in this place.
 B = Non-inter-level travel time spent in this place.
 C = Inter-level travel time spent in this place.
 D = Time resting spent in this place.
 E = Time spent auto-exploring this place.
 F = Levels seen in this place.
 G = Mean time per level.
                   A        B        C        D        E       F      G
               +--------+--------+--------+--------+--------+-----+--------+
         Total |   5444 |   5268 |    176 |    223 |   4325 |   4 | 1361.0 |
       Dungeon |   4871 |   4695 |    176 |      0 |   4325 |   3 | 1623.7 |
         Abyss |    573 |    573 |      0 |    223 |      0 |   1 |  573.0 |
               +--------+--------+--------+--------+--------+-----+--------+

Top non-repeatable levels by time:
     D:1: 1876 daAuts
     D:2: 1506 daAuts
     D:3: 1488 daAuts
 Abyss:1: 573 daAuts
